 Dungeon Crawl Stone Soup version 0.32-a0-39-g5c88369fb2 (webtiles) character file.

Game seed: 6559001779487009148

182860 Ge0ff the Eclecticist (level 17, -5/129 HPs)
             Began as a Mummy Cinder Acolyte on Jan 31, 2024.
             Was an Elder of Ignis.
             Slain by a culicivora (10 damage)
             ... on level 1 of the Spider Nest on Feb 1, 2024.
             The game lasted 01:32:26 (41551 turns).

Ge0ff the Eclecticist (Mummy Cinder Acolyte)       Turns: 41551, Time: 01:32:26

Health: -5/129     AC: 12    Str: 18    XL:     17   Next: 36%
Magic:  45/45      EV: 15    Int: 30    God:    Ignis [****..]
Gold:   2457       SH:  6    Dex:  8    Spells: 5/46 levels left

rFire   + + .        a - +1 hammer of Cezar {pain, rPois MP+9 Int+5 Dex-5}
rCold   . . .        d - +2 buckler
rNeg    + + +        L - +1 leather armour of the Chewing Gods {rCorr Int+5}
rPois   ∞            q - +2 helmet {SInv}
rElec   +            u - +0 cloak
rCorr   +            W - +0 pair of gloves
SInv    +            S - +2 pair of slick slippers {slick, slippery, EV+4}
Will    ++...        K - amulet of magic regeneration
Stlth   +            w - ring of protection from fire
HPRegen 0.41/turn    H - ring of Curiosity {Fire rElec Dex+5 Stlth-}
MPRegen 0.69/turn

%: faith
@: slowed, very slow
A: cold resistance 1, negative energy resistance 3, torment resistance 2, heat
vulnerability 1, in touch with death 2, no potions, faith
}: 1/15 runes: decaying
a: Renounce Religion, Fiery Armour, Foxfire Swarm, Rising Flame


You were on level 1 of the Spider Nest.
You worshipped Ignis.
Ignis was greatly pleased with you.
You visited 6 branches of the dungeon, and saw 28 of its levels.
You also visited: Bailey and Ice Cave.

You collected 3387 gold pieces.
You spent 930 gold pieces at shops.

Inventory:

Hand Weapons
 a - the +1 hammer of Cezar (weapon) {pain, rPois MP+9 Int+5 Dex-5}
   (You found it on level 2 of the Dungeon)

   Int+5:     It affects your intelligence (+5).
   Dex-5:     It affects your dexterity (-5).
   rPois:     It protects you from poison MP+9: It affects your magic capacity
   (+9).
 b - a +2 spear of venom
 h - the +5 rapier of Fakighoc {vamp, Fly rF+}
   (You bought it in a shop on level 2 of the Orcish Mines)

   rF+:       It protects you from fire.
   Fly:       It grants you flight.
 l - a +0 vampiric trident
 m - a +2 demon blade of freezing
 s - a +2 scimitar of flaming
 z - a +3 trident of draining
 G - a +0 short sword of distortion
 N - a +2 vampiric dagger
 X - the +11 spear of the Snake Pit {antimagic, rF+ Will+ Dex+3}
   (You found it on level 7 of the Dungeon)

   Dex+3:     It affects your dexterity (+3).
   rF+:       It protects you from fire.
   Will+:     It increases your willpower.
 Z - the +1 triple sword "Joiludoi" {spect, *Noise +Blink rF+ Will+++}
   (You took it off an orc warrior in a bailey)

   rF+:       It protects you from fire.
   Will+++:   It greatly increases your willpower.
   +Blink:    It lets you blink.
   *Noise:    It may make a loud noise when swung.
Missiles
 c - 12 atropa-tipped darts
 g - a throwing net {=F}
 v - 4 curare-tipped darts {=F}
 D - 7 boomerangs
 I - 39 javelins
 M - 6 datura-tipped darts {=F}
 Y - 24 poisoned darts
Armour
 d - a +2 buckler (worn)
 q - a +2 helmet of see invisible (worn)
 t - a +0 troll leather armour
 u - a +0 cloak (worn)
 x - an orb of energy
 L - the +1 leather armour of the Chewing Gods (worn) {rCorr Int+5}
   (You found it on level 6 of the Dungeon)

   Int+5:     It affects your intelligence (+5).
   rCorr:     It protects you from acid and corrosion.
 Q - the +3 hat of Pondering {ponderous, Will+ MP+10 Int+5}
   (You acquired it on level 2 of the Dungeon)

   Int+5:     It affects your intelligence (+5).
   Will+:     It increases your willpower.
   MP+10:     It affects your magic capacity (+10).
 S - the +2 pair of slick slippers (worn) {slick, slippery, EV+4}
   (You acquired it on level 3 of the Dungeon)

   Slick:     Its wearer cannot be constricted, engulfed, netted or webbed.
   Slippery:  Its wearer slips away from damaging melee attacks, pulling the
   attacker onward.
   EV+4:      It affects your evasion (+4).
 W - a +0 pair of gloves (worn)
Magical Staves
 o - a staff of alchemy
 r - a staff of fire
Jewellery
 w - a ring of protection from fire (left hand)
 H - the ring of Curiosity (right hand) {Fire rElec Dex+5 Stlth-}
   (You acquired it on level 11 of the Dungeon)

   [ring of fire]

   Fire:      It enhances your fire magic.
   Dex+5:     It affects your dexterity (+5).
   rF+:       It protects you from fire.
   rC-:       It makes you vulnerable to cold.
   rElec:     It insulates you from electricity.
   Stlth-:    It makes you less stealthy.
 K - an amulet of magic regeneration (around neck)
Wands
 f - a wand of flame (20)
 k - a wand of iceblast (12)
 p - a wand of paralysis (12)
 P - a wand of polymorph (11)
Scrolls
 e - 4 scrolls of enchant armour
 i - 12 scrolls of identify
 j - 3 scrolls of brand weapon
 y - 5 scrolls of immolation
 A - 4 scrolls of enchant weapon
 B - 4 scrolls of blinking
 C - 3 scrolls of poison
 E - a scroll of fear
 F - 7 scrolls of fog
 J - a scroll of silence {!r}
 R - 2 scrolls of amnesia
 T - 8 scrolls of teleportation
 V - 5 scrolls of vulnerability
Miscellaneous
 n - a phial of floods
 O - a box of beasts
 U - a phantom mirror


   Skills:
 + Level 10.7 Fighting
 - Level 2.4 Polearms
 - Level 2.0 Throwing
 + Level 6.0 Armour
 + Level 3.7 Dodging
 - Level 3.0 Stealth
 + Level 3.0 Shields
 + Level 15.0 Spellcasting
 + Level 11.8 Conjurations
 - Level 7.0 Necromancy
 - Level 3.0 Translocations
 - Level 6.6 Fire Magic
 * Level 10.5 Air Magic
 - Level 6.0 Earth Magic
 - Level 10.0 Alchemy
 - Level 5.8 Evocations


You had 5 spell levels left.
You knew the following spells:

 Your Spells              Type           Power      Damage    Failure   Level
a - Scorch                Fire           100%       2d9       1%          2
d - Vampiric Draining     Necr           98%        2d13      1%          3
g - Apportation           Tloc           80%        N/A       1%          1
h - Lee's Rapid Deconstr  Erth           28%        3d15*     8%          5
m - Stone Arrow           Conj/Erth      100%       3d13      1%          3
s - Arcjolt               Conj/Air       37%        1d47      1%          5
w - Passwall              Erth           56%        N/A       1%          3
x - Maxwell's Capacitive  Air            35%        ∞         95%         8
C - Conjure Ball Lightni  Conj/Air       37%        3x3d12    4%          6
E - Irradiate             Conj/Alch      36%        3d23      1%          5

Your spell library contained the following spells:

 Spells                   Type           Power      Damage    Failure   Level
 Necrotise                Necr           100%       1d9       1%          1
 Sandblast                Erth           100%       2d20      1%          1
 Sting                    Conj/Alch      100%       1d9       1%          1
 Cigotuvi's Dreadful Rot  Necr/Alch/Air  100%       N/A       1%          2
 Fugue of the Fallen      Necr           98%        N/A       1%          3
 Hailstorm                Conj/Ice       55%        3d11      1%          3
 Brom's Barrelling Bould  Conj/Erth      66%        2d8       1%          4
 Flame Wave               Conj/Fire      87%        2d19      1%          4
 Ignite Poison            Fire/Alch      83%        N/A       1%          4
 Leda's Liquefaction      Alch/Erth      31%        N/A       1%          4
 Petrify                  Alch/Erth      63%        N/A       1%          4
 Sticky Flame             Fire/Alch      83%        2d13      1%          4
 Vhi's Electric Charge    Tloc/Air       100%       N/A       1%          4
 Inner Flame              Hex/Fire       59%        N/A       2%          3
 Slow                     Hex            88%        N/A       3%          1
 Summon Small Mammal      Summ           88%        N/A       3%          1
 Call Imp                 Summ           44%        N/A       4%          2
 Ensorcelled Hibernation  Hex/Ice        44%        N/A       4%          2
 Freezing Cloud           Conj/Ice/Air   30%        6-21      4%          5
 Anguish                  Hex/Necr       39%        N/A       8%          4
 Passage of Golubria      Tloc           40%        N/A       9%          4
 Confusing Touch          Hex            22%        N/A       10%         3
 Frozen Ramparts          Ice            44%        1d7       10%         3
 Ozocubu's Armour         Ice            22%        N/A       10%         3
 Sigil of Binding         Hex            22%        N/A       10%         3
 Summon Ice Beast         Ice/Summ       22%        N/A       10%         3
 Silence                  Hex/Air        26%        N/A       10%         5
 Cause Fear               Hex            11%        N/A       30%         4
 Metabolic Englaciation   Hex/Ice        11%        N/A       65%         5
 Summon Mana Viper        Hex/Summ       22%        N/A       65%         5
 Bombard                  Conj/Erth      33%        9d6       12%         6
 Sculpt Simulacrum        Ice/Alch       25%        N/A       52%         6
 Lehudib's Crystal Spear  Conj/Erth      33%        10d8      99%         8
 Enfeeble                 Hex            11%        N/A       100%        7
 Monstrous Menagerie      Summ           11%        N/A       100%        7
 Summon Hydra             Summ           11%        N/A       100%        7
 Ignition                 Fire           38%        3d11      100%        8
 Chain Lightning          Conj/Air       37%        3d49      100%        9
 Sublimation of Blood     Necr           Unusable   N/A       N/A         2

Dungeon Overview and Level Annotations

Branches:
Dungeon (15/15) Zot: 25501  Temple (1/1) D:4 Zot: 5998    Lair (5/5) D:9 Zot: 21718
  Swamp (4/4) Lair:3 Zot: 16856  Spider (1/4) Lair:2 Zot: 5964   Slime (0/5) Lair:4
    Orc (2/2) D:10 Zot: 9244     Elf (0/3) Orc:2        Vaults (0/5) D:14
 Depths (0/4) D:15         Bailey (visited)           IceCv (visited)

Altars:
Ashenzari
Cheibriados
Dithmenos
Fedhas
Gozag
Hepliaklqana
Kikubaaqudgha
Makhleb
Nemelex Xobeh
Okawaru
Qazlal
Ru
Sif Muna
Trog
Uskayaw
Vehumet
Wu Jian
Xom
Yredelemnul
Jiyva

Shops:
Orc:2 ?(((


Innate Abilities, Weirdness & Mutations

You are immune to poison.
Your flesh is cold resistant. (rC+)
You are immune to negative energy. (rN+++)
You are immune to unholy pain and torment.
You are vulnerable to heat. (rF-)
You are strongly in touch with the powers of death.
You do not drink.
You have a special connection with the divine. (Faith)


Message History

The orb spider is almost dead.
The orb spider weaves a glowing orb of energy.
A culicivora comes into view.
You hear a faint skittering sound.
An orb of destruction comes into view.
You barely miss the orb of destruction.
You feel yourself speed up.
The wavering orb of destruction hits you!!
The orb spider begins to weave its threads into a brightly glowing ball.
The culicivora chitters at the orb spider.
The orb spider is healed somewhat.
Being near the torpor snail leaves you feeling lethargic.
You feel yourself speed up.
The culicivora chitters at something.
The culicivora attacks as it pursues you!
The culicivora barely misses you.
Being near the torpor snail leaves you feeling lethargic.
The culicivora closely misses you.
The culicivora chitters at the orb spider.
The orb spider is healed somewhat.
The culicivora chitters at the orb spider.
The orb spider is healed somewhat.
You feel yourself speed up.
You bump into the rock wall.
The culicivora completely misses you. The culicivora barely misses you.
The culicivora chitters at the orb spider.
The orb spider is healed somewhat.
Being near the torpor snail leaves you feeling lethargic.
The culicivora chitters at the orb spider.
The orb spider's wounds heal themselves!
The culicivora bites you. The culicivora bites you! x3
* * * LOW HITPOINT WARNING * * *
You bump into the rock wall.
The culicivora bites you.
* * * LOW HITPOINT WARNING * * *
The torpor snail bites you!
* * * LOW HITPOINT WARNING * * *
The culicivora closely misses you.
Use which ability? (? or * to list)
Okay, then.
You bump into the rock wall.
The culicivora bites you but does no damage. x2
The torpor snail barely misses you.
You miss the culicivora.
You feel less confused. You block the culicivora's attack.
The culicivora bites you!!
* * * LOW HITPOINT WARNING * * *
An emperor scorpion comes into view.
The torpor snail barely misses you. The culicivora bites you!
You die...

##. .. ..###
##### ##
....# #..@#
.##...#
##ws##.#....#
##.s.##.w..#
#s..#.<.#
#....#...#
##########


You could see an emperor scorpion (wandering), a torpor snail, an orb spider
(charged) and a culicivora.

Vanquished Creatures
  A tentacled monstrosity (Swamp:3)
  2 Ice Fiends (IceCv)
  Mlioglotl (Swamp:1)
  Gastronok (D:9)
  A thorn hunter (Swamp:2)
  Roxanne (D:15)
  2 orc warlords
  Louise (Swamp:4)
  2 eleionomae
  2 bunyips
  2 fire dragons
  3 shambling mangroves (Swamp:4)
  4 alligators
  Fannar (Lair:3)
  18 hydras
  A caustic shrike simulacrum (IceCv)
  3 rakshasas
  Erolcha (D:10)
  2 ogre magi
  A ghost crab (Swamp:3)
  A catoblepas (Lair:2)
  7 centaur warriors
  A radroach (Spider:1)
  Erica (D:10)
  6 boulder beetles
  4 death yaks (Lair:5)
  3 orc high priests (Orc:2)
  3 tengu warriors
  5 two-headed ogres
  The ghost of anet the Cleaver, a novice HOCj of Hepliaklqana (D:7)
  An occultist (D:15)
  Sonja (Lair:4)
  Amaemon (Lair:3)
  5 goliath frogs
  A deep troll (D:11)
  5 spriggan druids
  An arcanist (D:15)
  6 swamp dragons
  3 spriggan simulacra (IceCv)
  An obsidian statue (IceCv)
  4 lindwurms
  5 bog bodies
  A necromancer (D:15)
  Pikel (D:8)
  2 deep elf pyromancers
  4 oklob plants (Lair:4)
  11 orc knights
  11 ugly things
  5 orc sorcerers
  7 cyclopes
  4 kobold blastminers (Orc:2)
  4 will-o-the-wisps
  5 black mambas
  15 elephants
  5 manticores
  A meliai (D:11)
  A meliai (shapeshifter) (D:14)
  7 molten gargoyles
  An orange demon (Lair:3)
  2 unseen horrors
  3 gargoyles (D:11)
  Jeremiah (D:9)
  11 cane toads
  13 komodo dragons
  Maggie (Lair:1)
  4 rime drakes
  10 freezing wraiths (IceCv)
  2 efreet (D:11)
  5 ice devils (IceCv)
  Psyche (D:12)
  2 tengu conjurers
  3 polar bears (shapeshifter)
  5 polar bears
  10 trolls
  4 bloated husks
  A wolf spider simulacrum (D:15)
  Prince Ribbit (D:5)
  15 tyrant leeches
  A blink frog (shapeshifter) (D:14)
  9 hornets
  A tarantella (Spider:1)
  4 alligator simulacra
  18 dream sheep
  12 blink frogs
  7 spriggans
  3 shadows
  3 centaur simulacra
  A slime creature (D:11)
  2 wraiths
  16 humans (D:14)
  10 wyverns
  2 dire elephant simulacra
  6 basilisks
  4 steam dragons
  64 yaks
  6 wargs
  Grum (Lair:1)
  3 redbacks
  7 vampire mosquitoes
  5 minotaur simulacra
  The ghost of Kurok the Magician, an amateur DjFE of Zin (D:3)
  4 acid dragons
  11 swamp worms
  4 hell hounds (Lair:5)
  A hydra simulacrum (IceCv)
  15 water moccasins
  5 ice beasts
  5 swamp drakes (Swamp:4)
  A sky beast (D:6)
  A laughing skull (D:10)
  36 orc warriors
  2 black bears
  2 wolves (Lair:1)
  26 centaurs
  9 ogres
  2 phantoms (D:6)
  4 kobold brigands
  10 bullfrogs
  10 scorpions
  2 gnoll sergeants (D:11)
  3 deep troll simulacra
  11 wights
  22 killer bees
  3 lindwurm simulacra
  9 howler monkeys
  2 electric eels (D:11)
  3 lava snakes (Lair:5)
  A jelly (D:6)
  2 bombardier beetles
  2 hounds (D:6)
  20 orc priests
  A sleepcap (D:6)
  Crazy Yiuf (D:2)
  3 gnoll boudas
  7 iguanas
  A boggart zombie (D:15)
  21 orc wizards
  A boggart simulacrum (D:15)
  Robin (D:3)
  14 gnolls
  7 adders
  A shadow imp (D:7)
  A ribbon worm (D:2)
  A dart slug (D:2)
  96 orcs
  6 bats
  7 endoplasms
  2 giant cockroaches
  16 goblins
  9 hobgoblins
  2 jackals (D:2)
  5 quokkas
  16 ball pythons
  A frilled lizard (D:2)
  8 kobolds
  4 rats
941 creatures vanquished.

Vanquished Creatures (collateral kills)
  19 ball lightnings
19 creatures vanquished.

Vanquished Creatures (others)
  A bloated husk (Swamp:3)
  508 ball lightnings
  51 foxfires
560 creatures vanquished.

Grand Total: 1520 creatures vanquished

Notes
Turn   | Place    | Note
-------+----------+-------------------------------------------
     0 | D:1      | Ge0ff the Mummy Cinder Acolyte began the quest for the Orb.
     0 | D:1      | Reached XP level 1. HP: 18/18 MP: 2/2
   119 | D:1      | Reached XP level 2. HP: 21/24 MP: 4/4
   120 | D:1      | Reached skill level 2 in Spellcasting
   129 | D:1      | Learned a level 2 spell: Scorch
   331 | D:1      | Reached skill level 1 in Stealth
   917 | D:2      | Reached XP level 3. HP: 29/29 MP: 3/6
  1159 | D:2      | Identified 3 scrolls of acquirement
  1159 | D:2      | Acquired a staff of fire
  1163 | D:2      | Acquired a book of Spontaneous Combustion
  1164 | D:2      | Acquired the +3 hat of Pondering {ponderous, Will+ MP+10
                  | Int+5}
  1164 | D:2      | Found the +3 hat of Pondering {ponderous, Will+ MP+10
                  | Int+5}
  1412 | D:2      | Found a runed translucent door.
  1413 | D:2      | Noticed Crazy Yiuf
  2107 | D:3      | Noticed Robin
  2107 | D:3      | Found a runed translucent gate.
  2107 | D:3      | Found a runed translucent gate.
  2107 | D:3      | Found a runed translucent gate.
  2224 | D:3      | Reached XP level 4. HP: 35/35 MP: 8/8
  2308 | D:3      | Killed Robin
  2410 | D:3      | Reached skill level 3 in Spellcasting
  2540 | D:3      | Noticed a kobold brigand
  2541 | D:3      | Noticed Kurok's ghost (amateur DjFE)
  2621 | D:3      | Reached XP level 5. HP: 41/41 MP: 10/10
  2651 | D:3      | Noticed a +0 dagger
  2651 | D:3      | Noticed a +0 short sword
  2652 | D:3      | Noticed a +0 spear
  2654 | D:3      | Noticed a +0 dagger
  2654 | D:3      | Noticed a +0 spear
  2719 | D:3      | Noticed a +0 falchion
  2721 | D:3      | Noticed a +0 short sword
  2722 | D:3      | Noticed a +0 falchion
  2835 | D:3      | Found a hide-covered altar of Uskayaw.
  3119 | D:3      | Learned a level 5 spell: Irradiate
  3123 | D:3      | Learned a level 3 spell: Stone Arrow
  3197 | D:3      | Got the Vademecum on the Brume
  3204 | D:3      | Acquired the +2 pair of slick slippers {slick, slippery,
                  | EV+4}
  3204 | D:3      | Found the +2 pair of slick slippers {slick, slippery, EV+4}
  3279 | D:4      | Noticed an ogre
  3287 | D:4      | Killed an ogre
  3288 | D:4      | Reached skill level 4 in Spellcasting
  3288 | D:4      | Reached XP level 6. HP: 47/47 MP: 12/12
  3660 | D:4      | Found a staircase to the Ecumenical Temple.
  3666 | Temple   | Entered the Ecumenical Temple
  3825 | D:4      | Reached skill level 1 in Conjurations
  3825 | D:4      | Reached skill level 1 in Alchemy
  4018 | D:4      | Found a shadowy altar of Dithmenos.
  4508 | D:5      | Entered Level 5 of the Dungeon
  4569 | D:5      | Noticed Prince Ribbit
  4579 | D:5      | Killed Prince Ribbit
  4580 | D:5      | Reached skill level 5 in Fire Magic
  4580 | D:5      | Reached XP level 7. HP: 52/52 MP: 14/14
  4631 | D:5      | Reached skill level 5 in Spellcasting
  4820 | D:5      | Found a stormy altar of Qazlal.
  4896 | D:5      | Noticed a shadow
  4901 | D:5      | Killed a shadow
  4902 | D:5      | Reached XP level 8. HP: 53/58 MP: 16/16
  5169 | D:5      | Found a shimmering altar of Xom.
  5516 | D:6      | Reached skill level 6 in Spellcasting
  5857 | D:6      | Reached XP level 9. HP: 61/63 MP: 18/18
  6050 | D:6      | Found a transporter.
  6109 | D:6      | Identified the +1 leather armour of the Chewing Gods {rCorr
                  | Int+5}
  6583 | D:6      | Found a transporter.
  6704 | D:6      | Found a burning altar of Makhleb.
  7307 | D:7      | Reached skill level 1 in Armour
  7313 | D:7      | Reached skill level 7 in Spellcasting
  7756 | D:7      | Identified the +11 spear of the Snake Pit {antimagic, rF+
                  | Will+ Dex+3}
  7850 | D:7      | Found a runed translucent gate.
  7851 | D:7      | Found a runed translucent gate.
  7852 | D:7      | Found a runed translucent gate.
  7853 | D:7      | Noticed anet's ghost (novice HOCj)
  8222 | D:8      | Reached skill level 5 in Alchemy
  8254 | D:8      | Reached skill level 5 in Conjurations
  8350 | D:8      | Found a flagged portal.
  8356 | D:8      | Reached skill level 1 in Evocations
  8494 | Bailey   | Entered a bailey
  8731 | Bailey   | Reached XP level 10. HP: 61/71 MP: 21/21
  9140 | Bailey   | Identified the +1 triple sword "Joiludoi" {spect, *Noise
                  | +Blink rF+ Will+++}
  9555 | Bailey   | Reached skill level 1 in Dodging
 10449 | D:8      | Reached skill level 8 in Spellcasting
 10691 | D:9      | Reached skill level 5 in Fighting
 10772 | D:9      | Found a staircase to the Lair.
 10788 | D:9      | Identified the +8 quarterstaff "Jousivae" {venom, rElec rN+
                  | rCorr Dex-4}
 10849 | D:9      | Found a transporter.
 10850 | D:9      | Noticed a tengu warrior
 10852 | D:9      | Noticed a centaur warrior
 10852 | D:9      | Noticed a centaur warrior
 10853 | D:9      | Found a bloodstained altar of Trog.
 10853 | D:9      | Noticed a white ugly thing
 10858 | D:9      | Found a transporter.
 10859 | D:9      | Found a snail-covered altar of Cheibriados.
 11066 | D:9      | Reached XP level 11. HP: 71/79 MP: 23/23
 11398 | D:9      | Noticed Gastronok
 11410 | D:9      | Killed Gastronok
 11411 | D:9      | Reached skill level 1 in Throwing
 11540 | D:9      | Noticed Jeremiah
 11541 | D:9      | Noticed Pikel
 11554 | D:8      | Killed Pikel
 11730 | D:9      | Killed Jeremiah
 12344 | D:2      | Killed Crazy Yiuf
 12355 | D:2      | Identified the +1 hammer of Cezar {pain, rPois MP+9 Int+5
                  | Dex-5}
 12424 | D:3      | Killed Kurok's ghost
 12581 | D:7      | Killed anet's ghost
 12582 | D:7      | Reached skill level 9 in Spellcasting
 12960 | D:10     | Entered Level 10 of the Dungeon
 13074 | D:10     | Noticed a boulder beetle
 13144 | D:10     | Killed a boulder beetle
 13489 | D:10     | Noticed Erica
 13504 | D:10     | Killed Erica
 13563 | D:10     | Noticed a brown ugly thing
 13716 | D:10     | Killed a brown ugly thing
 13717 | D:10     | Reached XP level 12. HP: 89/89 MP: 23/25
 13867 | D:10     | Noticed a tengu warrior
 13876 | D:10     | Killed a tengu warrior
 13930 | D:10     | Noticed Erolcha
 13952 | D:10     | Killed Erolcha
 14075 | D:10     | Noticed a boulder beetle
 14087 | D:10     | Killed a boulder beetle
 14228 | D:10     | Reached skill level 10 in Spellcasting
 14286 | D:10     | Acquired 632 gold pieces
 14344 | D:10     | Found a staircase to the Orcish Mines.
 14738 | D:11     | Acquired the ring of Curiosity {Fire rElec Dex+5 Stlth-}
 14797 | D:11     | Learned a level 1 spell: Apportation
 15336 | D:11     | Noticed a boulder beetle
 15407 | D:11     | Noticed an ogre mage
 15413 | D:11     | Reached skill level 1 in Translocations
 15418 | D:11     | Identified the +4 mace of Fate {vamp, rPois}
 15425 | D:11     | Killed an ogre mage
 15426 | D:11     | Reached skill level 1 in Earth Magic
 15506 | D:11     | Noticed a fire dragon
 15521 | D:11     | Killed a fire dragon
 15673 | D:11     | Noticed a rakshasa
 15691 | D:11     | Killed a rakshasa
 16427 | D:11     | Gained mutation: You are strongly in touch with the powers
                  | of death. [Mummy growth]
 16427 | D:11     | Reached XP level 13. HP: 92/96 MP: 27/27
 17728 | D:11     | Learned a level 3 spell: Vampiric Draining
 17763 | Lair:1   | Entered Level 1 of the Lair of Beasts
 18005 | Lair:1   | Reached skill level 1 in Necromancy
 18160 | Lair:1   | Reached skill level 11 in Spellcasting
 18281 | Lair:1   | Noticed Grum
 18286 | Lair:1   | Killed Grum
 19136 | Lair:1   | Noticed Maggie
 19140 | Lair:1   | Killed Maggie
 19439 | Lair:2   | Found a hole to the Spider Nest.
 19829 | Lair:2   | Found a hole to the Spider Nest.
 20286 | Lair:3   | Noticed Amaemon
 20410 | Lair:3   | Killed Amaemon
 20411 | Lair:3   | Reached skill level 5 in Evocations
 20634 | Lair:3   | Reached XP level 14. HP: 88/106 MP: 26/29
 20762 | Lair:3   | Noticed Fannar
 20767 | Lair:3   | Killed Fannar
 21236 | Lair:3   | Reached skill level 5 in Necromancy
 21361 | Lair:3   | Found a staircase to the Swamp.
 21739 | Lair:4   | Learned a level 5 spell: Arcjolt
 22042 | Lair:4   | Reached skill level 10 in Alchemy
 22043 | Lair:4   | Reached skill level 10 in Conjurations
 22045 | Lair:4   | Reached skill level 1 in Air Magic
 22180 | Lair:4   | Reached skill level 12 in Spellcasting
 22453 | Lair:4   | Noticed Sonja
 22455 | Lair:4   | Killed Sonja
 22750 | Lair:4   | Found a viscous altar of Jiyva.
 22848 | Lair:5   | Entered Level 5 of the Lair of Beasts
 22966 | Lair:5   | Reached skill level 5 in Armour
 24383 | Lair:5   | Found a large runed translucent door.
 24393 | Lair:5   | Found a large runed translucent door.
 24674 | Lair:5   | Reached XP level 15. HP: 115/115 MP: 31/31
 24774 | Lair:5   | Reached skill level 5 in Air Magic
 24818 | Lair:5   | Learned a level 6 spell: Conjure Ball Lightning
 24827 | Lair:5   | Learned a level 8 spell: Maxwell's Capacitive Coupling
 24996 | Orc:1    | Entered Level 1 of the Orcish Mines
 25541 | Orc:2    | Entered Level 2 of the Orcish Mines
 25683 | Orc:2    | Reached skill level 10 in Fighting
 25997 | Orc:2    | Reached skill level 13 in Spellcasting
 26852 | Orc:2    | Found a staircase to the Elven Halls.
 27735 | Orc:2    | Found Ruxil's Antique Weapon Shop.
 27738 | Orc:2    | Found Fosymom's Weapon Shoppe.
 27746 | Orc:2    | Found Hionwum's Magic Scroll Shoppe.
 27748 | Orc:2    | Found Moas's Weapon Shop.
 27754 | Orc:2    | Bought a scroll of blinking for 97 gold pieces
 27754 | Orc:2    | Bought a scroll of vulnerability for 52 gold pieces
 27754 | Orc:2    | Bought a scroll of vulnerability for 52 gold pieces
 27758 | Orc:2    | Bought a throwing net for 39 gold pieces
 27768 | Orc:2    | Bought the +5 rapier of Fakighoc {vamp, Fly rF+} for 690
                  | gold pieces
 28873 | D:12     | Noticed Psyche
 28876 | D:12     | Killed Psyche
 29991 | D:13     | Found a broken altar of Ashenzari.
 30159 | D:14     | Found a gate to the Vaults.
 30163 | D:14     | Reached skill level 14 in Spellcasting
 30812 | D:14     | Found a stormy altar of Qazlal.
 31585 | D:15     | Entered Level 15 of the Dungeon
 31641 | D:15     | Noticed Roxanne
 31707 | D:15     | Reached XP level 16. HP: 53/122 MP: 19/34
 31897 | D:15     | Learned a level 5 spell: Lee's Rapid Deconstruction
 31912 | D:15     | Killed Roxanne
 32795 | D:15     | Found a staircase to the Depths.
 33252 | Lair:4   | Found a staircase to the Slime Pits.
 33445 | Swamp:1  | Entered Level 1 of the Swamp
 33450 | Swamp:1  | Noticed Mlioglotl
 33530 | Swamp:1  | Killed Mlioglotl
 34257 | Swamp:1  | Reached skill level 5 in Earth Magic
 34961 | Swamp:2  | Noticed a thorn hunter
 34971 | Swamp:2  | Killed a thorn hunter
 35263 | Swamp:2  | Found a glacial archway.
 35334 | IceCv    | Entered an ice cave
 35545 | IceCv    | Reached skill level 1 in Shields
 36082 | IceCv    | Noticed an Ice Fiend
 36082 | IceCv    | Noticed an Ice Fiend
 36095 | IceCv    | Killed an Ice Fiend
 36098 | IceCv    | Killed an Ice Fiend
 36417 | IceCv    | Learned a level 3 spell: Passwall
 36871 | Swamp:2  | Reached skill level 15 in Spellcasting
 38112 | Swamp:3  | Noticed a tentacled monstrosity
 38126 | Swamp:3  | Killed a tentacled monstrosity
 38127 | Swamp:3  | Reached skill level 10 in Air Magic
 38643 | Swamp:4  | Entered Level 4 of the Swamp
 38730 | Swamp:4  | Reached XP level 17. HP: 88/129 MP: 36/36
 38788 | Swamp:4  | Noticed Louise
 40583 | Swamp:4  | Killed Louise
 41074 | Swamp:4  | Got a decaying rune of Zot
 41442 | Spider:1 | Entered Level 1 of the Spider Nest
 41551 | Spider:1 | HP: 5/129 [culicivora (20)]
 41551 | Spider:1 | Slain by a culicivora

Illustrated notes

Levels and vault maps discovered:
D:1:      psy_arrival_spokes, layout_rooms, minmay_liquid_box
D:2:      layout_basic, uniq_crazy_yiuf_cottage
D:3:      layout_rooms, nicolae_uskayaw_en_pointe, gammafunk_ghost_split,
          kennysheep_cluttered_room, uniq_robin
D:4:      layout_loops_ring, nicolae_dithmenos_shadow_blocks, tso_altar,
          minmay_temple_entry_offerings
D:5:      layout_gridville, mainiacjoe_overflow_cross_hatched,
          regret_index_xom_buried_treasure, uniq_prince_ribbit1
D:6:      gammafunk_cloud_chamber, layout_loops_ring,
          mainiacjoe_overflow_24_doors
D:7:      layout_loops_cross, biasface_ghost_orc_armoury
D:8:      layout_rooms, enter_bailey_6
D:9:      layout_roguey, gammafunk_temple_overflow_arena,
          minmay_lair_entry_grove, uniq_gastronok, uniq_jeremiah, uniq_pikel
D:10:     minmay_ornate_pinched, layout_loops_ring, orc_0_dummy,
          corexii_corridor_pit, uniq_erica, uniq_erolcha
D:11:     minmay_the_grid_square_5x5_4x4_mashed
          [minmay_the_grid_square_5x5_inner_v, minmay_the_grid_square_5x5_lines,
          minmay_the_grid_square_5x5_tri_point,
          minmay_the_grid_square_5x5_empty,
          minmay_the_grid_square_5x5_spiral_small,
          minmay_the_grid_square_5x5_prize_pseudospiral,
          minmay_the_grid_square_5x5_prize_waves,
          minmay_the_grid_square_5x5_doubleslash,
          minmay_the_grid_square_5x5_longway,
          minmay_the_grid_square_5x5_prize_monsterx,
          minmay_the_grid_square_5x5_prize_itemx,
          minmay_the_grid_square_5x5_detours,
          minmay_the_grid_square_5x5_intrusive_squares,
          minmay_the_grid_square_5x5_bridge,
          minmay_the_grid_square_5x5_checkered,
          minmay_the_grid_square_5x5_hollow_slash], layout_loops_ring,
          water_maze_lemuel
D:12:     layout_cave_pods, uniq_psyche
D:13:     layout_roguey, ashenzari_conservatory_becter
D:14:     layout_irregular_city, david_vaults_3, grunt_qazlal_clouds
D:15:     grunt_enter_depths_magical_seal, layout_rooms, elyvilon_altar_1,
          minivault_8, uniq_roxanne
Temple:   zaba_magenta_temple
Lair:1:   layout_misc_corridors, grunt_megastairs_2, uniq_maggie, uniq_grum
Lair:2:   layout_misc_corridors, spider_nest_entry_funnel_web,
          columned_hall_lemuel, serial_bayou_pond_d
Lair:3:   layout_concentric_octagons, skrybe_swamp_entry_bodies,
          dreamdust_gnoll_shepherd, infiniplex_staircase_pool, uniq_fannar,
          uniq_amaemon
Lair:4:   layout_cave_pods, minmay_slime_entry_oklob_enclosed,
          grunt_megastairs_4, uniq_sonja
Lair:5:   cheibrodos_lair_end_hotspot, layout_regular_city,
          cheibrodos_lair_lostbears
Swamp:1:  layout_basic_swamp, hangedman_swamp_ruin_wall, uniq_mlioglotl
Swamp:2:  nicolae_swamp_ascending_descending_big, layout_falls_marsh,
          portal_ice_cave_entry_ice_simulacra, nicolae_swamp_reclaimed_castle
Swamp:3:  layout_basic_swamp, evilmike_swamp_ruin_house_1, swamp_pool_1_2,
          hangedman_swamp_wriggling
Swamp:4:  swamp_alternative, layout_basic_swamp, swamp_pool_4, uniq_louise
Spider:1: nicolae_spider_hall_of_the_moth_king, uniq_agnes, uniq_nikola
Orc:1:    layout_diamond_mine, nicolae_orc_crystal_geode
Orc:2:    st_orc_elflike, layout_diamond_mine

Skill      XL: |  1  2  3  4  5  6  7  8  9 10 11 12 13 14 15 16 17 |
---------------+----------------------------------------------------+-----
Spellcasting   | 2 3 4 5 6 7 8 9 10 11 12 14 15 | 15.0
Stealth        | 1 2 3 |  3.0
Fire Magic     | 3 4 5 6 |  6.6
Conjurations   | 1 2 4 5 6 8 9 10 11 | 11.8
Alchemy        | 1 2 4 5 6 8 9 10 | 10.0
Armour         | 2 3 4 5 6 |  6.0
Evocations     | 1 2 3 5 |  5.8
Fighting       | 4 5 6 7 8 9 10 | 10.7
Dodging        | 1 2 3 |  3.7
Throwing       | 1 2 |  2.0
Translocations | 1 3 |  3.0
Earth Magic    | 1 3 5 6 |  6.0
Necromancy     | 4 6 7 |  7.0
Air Magic      | 4 8 10 | 10.5
Shields        | 2 3 |  3.0
Polearms       | |  2.4

Action                     |  1- 3 |  4- 6 |  7- 9 | 10-12 | 13-15 | 16-18 || total
---------------------------+-------+-------+-------+-------+-------+-------++-------
  Melee: Spear             |    20 |       |       |       |       |       ||    20
         Staff             |       |     1 |     1 |     3 |     1 |       ||     6
         Mace              |       |       |       |       |     8 |     3 ||    11
  Throw: Stone             |       |       |     1 |     1 |       |       ||     2
         Throwing net      |       |       |       |     3 |       |       ||     3
         Dart              |       |       |       |       |     1 |       ||     1
   Cast: Scorch            |    45 |    92 |   166 |   352 |    17 |       ||   672
         Irradiate         |       |       |       |    73 |   131 |    37 ||   241
         Stone Arrow       |       |       |       |    27 |   283 |    76 ||   386
         Vampiric Draining |       |       |       |       |     5 |       ||     5
         Arcjolt           |       |       |       |       |    51 |    19 ||    70
         Conjure Ball Ligh |       |       |       |       |   104 |   134 ||   238
         Lee's Rapid Decon |       |       |       |       |       |    37 ||    37
         Passwall          |       |       |       |       |       |     1 ||     1
 Invoke: Fiery Armour      |     1 |       |       |       |       |       ||     1
         Foxfire Swarm     |       |       |     2 |       |       |       ||     2
  Evoke: Wand              |       |       |     4 |     7 |     6 |     3 ||    20
    Use: Scroll            |     4 |     1 |    11 |     6 |     8 |     4 ||    34
 Armour: Robe              |    26 |    24 |    25 |       |       |       ||    75
         Leather armour    |       |       |    26 |   190 |   336 |   275 ||   827
  Dodge: Dodged            |    31 |    32 |    48 |   228 |   211 |    39 ||   589
  Block: Buckler           |       |       |       |       |       |     8 ||     8

Table legend: (Time is in decaauts)
 A = Elapsed time spent in this place.
 B = Non-inter-level travel time spent in this place.
 C = Inter-level travel time spent in this place.
 D = Time resting spent in this place.
 E = Time spent auto-exploring this place.
 F = Levels seen in this place.
 G = Mean time per level.
                   A        B        C        D        E       F      G
               +--------+--------+--------+--------+--------+-----+--------+
         Total |  43791 |  41082 |   2709 |   6881 |  27700 |  30 | 1459.7 |
       Dungeon |  22781 |  21125 |   1656 |   2713 |  15227 |  15 | 1518.7 |
        Temple |      1 |      1 |      0 |      0 |      0 |   1 |    1.0 |
          Lair |   8281 |   7792 |    489 |   1040 |   5486 |   5 | 1656.2 |
         Swamp |   7143 |   6732 |    411 |   1694 |   4172 |   4 | 1785.8 |
   Spider Nest |     33 |     33 |      0 |      2 |      0 |   1 |   33.0 |
  Orcish Mines |   2755 |   2604 |    151 |    206 |   1901 |   2 | 1377.5 |
        Bailey |   1653 |   1653 |      0 |    524 |    713 |   1 | 1653.0 |
      Ice Cave |   1141 |   1141 |      0 |    701 |    200 |   1 | 1141.0 |
               +--------+--------+--------+--------+--------+-----+--------+

Top non-repeatable levels by time:
    D:11: 3362 daAuts
     D:9: 2291 daAuts
 Swamp:3: 2240 daAuts
  Lair:5: 2155 daAuts
     D:2: 2102 daAuts
    D:10: 2032 daAuts
     D:6: 1970 daAuts
 Swamp:4: 1865 daAuts
  Lair:2: 1827 daAuts
  Lair:3: 1719 daAuts
  Bailey: 1653 daAuts
 Swamp:1: 1649 daAuts
  Lair:4: 1648 daAuts
   Orc:1: 1644 daAuts
    D:14: 1388 daAuts
